 Dungeon Crawl Stone Soup version 0.28-a0-1506-g3893175d92 (webtiles) character file.

Game seed: 801632877521433998

2 murtidash the Sneak (level 1, -2/20 HPs)
             Began as a Hill Orc Delver on Jan 13, 2022.
             Slain by a scorpion (4 damage)
             ... on level 1 of the Dungeon.
             The game lasted 00:00:40 (277 turns).

murtidash the Sneak (Hill Orc Delver)                Turns: 277, Time: 00:00:41

Health: -2/20      AC:  3    Str: 14    XL:     1   Next: 40%
Magic:  1/1        EV: 11    Int: 10    God:
Gold:   0          SH:  0    Dex: 12    Spells: 0/0 levels left

rFire   . . .      SeeInvis .   a - +0 hand axe
rCold   . . .      Faith    .   (no shield)
rNeg    . . .      Spirit   .   b - +0 leather armour
rPois   .          Reflect  .   (no helmet)
rElec   .          Harm     .   (no cloak)
rCorr   .          Rampage  .   (no gloves)
Will    .....                   (no boots)
Stlth   ++........              (no amulet)
HPRegen 0.06/turn               (no ring)
MPRegen 0.07/turn               (no ring)

@: lethally poisoned (-2 -> -10), hasted, very quick
A: no striking features
a: no special abilities


You were on level 1 of the Dungeon.
You visited 1 branch of the dungeon, and saw 5 of its levels.

Inventory:

Hand Weapons
 a - a +0 hand axe (weapon)
Armour
 b - a +0 leather armour (worn)
Wands
 g - a wand of digging (5)
Scrolls
 c - a scroll of fog
 d - a scroll of magic mapping {!r}
 e - a scroll of fear


   Skills:
 + Level 3.7 Fighting
 + Level 2.9 Axes
 - Level 1.5 Dodging
 - Level 4.1 Stealth


You couldn't memorise any spells.
You didn't know any spells.
Your spell library was empty.

Dungeon Overview and Level Annotations

Branches:
Dungeon (5/15)
 Temple: D:4-7

Altars:
Makhleb

Annotations:
D:5 Pikel


Message History

The lemure shouts!
You hear a shout!
You climb upwards.
There is a stone staircase leading down here.
The endoplasm quivers.
The endoplasm freezes you.
You are frozen.
You take 5 damage, and have 14/19 hp.
MASSIVE DAMAGE!!
You hit the endoplasm but do no damage. The endoplasm freezes you.
You are frozen.
You take 2 damage, and have 12/19 hp.
You are too injured to fight recklessly!
You are too injured to fight recklessly!
You hit the endoplasm. The endoplasm hits you.
You take 1 damage, and have 11/19 hp.
You barely miss the endoplasm. The endoplasm barely misses you.
You hit the endoplasm. The endoplasm freezes you.
You are frozen.
You take 4 damage, and have 7/19 hp.
MASSIVE DAMAGE!!
You hit the endoplasm.
You kill the endoplasm!
A kobold comes into view. It is wielding a +0 dagger.
Health restored: 20 A hound comes into view.
Found a burning altar of Makhleb.
The helpless kobold fails to defend itself.
You hit the kobold. The kobold misses you.
The kobold hits you with a +0 dagger.
You take 2 damage, and have 18/20 hp.
You barely miss the kobold. The kobold closely misses you.
You closely miss the kobold. The kobold hits you but does no damage.
You hit the kobold.
You kill the kobold!
There is a stone staircase leading down here.
You open the door.
A quokka comes into view.
The quokka moves out of view.
There is an open door here.
A scorpion comes into view.
Found 31 arrows.
Found a stone staircase leading up.
You see here a wand of digging (2).
g - a wand of digging (5) (gained 2 charges)
The quokka barely misses you. The scorpion barely misses you.
The quokka bites you but does no damage.
The scorpion stings you but does no damage.
The quokka misses you. The quokka barely misses you.
There is a stone staircase leading up here.
Health restored: 20 The scorpion barely misses you.
The quokka bites you.
You climb upwards.
There is a stone staircase leading down here.
You take 1 damage, and have 19/20 hp.
The quokka bites you. The scorpion barely misses you.
You take 1 damage, and have 18/20 hp.
The quokka bites you but does no damage.
The quokka bites you.
You take 1 damage, and have 17/20 hp.
An adder comes into view.
Found 13 gold pieces.
Found a stone staircase leading up.
The quokka completely misses you.
There is a stone staircase leading up here.
The quokka barely misses you.
The scorpion stings you but does no damage.
The quokka barely misses you.
You climb upwards.
There is a stone staircase leading down here.
Found a stone staircase leading up.
The endoplasm quivers.
The scorpion barely misses you. The quokka barely misses you.
A goblin comes into view. It is wielding a +0 dagger.
The scorpion barely misses you.
There is a stone staircase leading up here.
The scorpion stings you but does no damage.
The endoplasm jiggles.
The scorpion closely misses you. The goblin hits you but does no damage.
You climb upwards.
There is a stone staircase leading down here.
A goblin comes into view. It is wielding a +0 club.
The scorpion stings you.
You are lethally poisoned!
The scorpion poisons you!
You take 5 damage, and have 13/20 hp.
MASSIVE DAMAGE!!
You feel very sick.
The goblin shouts!
The scorpion stings you.
You take 6 damage, and have 7/20 hp.
MASSIVE DAMAGE!!
* * * LOW HITPOINT WARNING * * *
You feel sick. The dart slug launches a dart at you. The slug dart hits you.
* * * LOW HITPOINT WARNING * * *
You take 3 damage, and have 4/20 hp.
You feel yourself speed up.
* * * LOW HITPOINT WARNING * * *
You feel sick. The scorpion stings you.
You die...

#### ###..
##...##...#####
#...w....r....
.........b..#
............#
............#####
#.g....g.........
#.s.># #@#### #.#
#.# #.. ##. ##


You could see a scorpion, a dart slug, a quokka (wandering), a goblin and a bat.

Vanquished Creatures
  An endoplasm (D:4)
  A kobold (D:4)
2 creatures vanquished.

Notes
Turn   | Place    | Note
-------+----------+-------------------------------------------
     0 | D:5      | murtidash the Hill Orc Delver began the quest for the Orb.
     0 | D:5      | Reached XP level 1. HP: 19/19 MP: 1/1
     3 | D:5      | Noticed a lemure
     5 | D:5      | Noticed Pikel
   211 | D:4      | Found a burning altar of Makhleb.
   211 | D:4      | Noticed a hound
   235 | D:4      | Noticed a scorpion
   276 | D:1      | HP: 4/20 [dart slug/slug dart (2)]
   277 | D:1      | Slain by a scorpion

Illustrated notes

Levels and vault maps discovered:
D:1:      giann_forest_graveyard, layout_rooms, basic_ecumenical_altar
D:2:      layout_basic, serial_aquarium, aquarium_bridge_island_small
          [aquarium_subvault_small_water, aquarium_subvault_bridge,
          aquarium_subvault_bridge, aquarium_subvault_window,
          aquarium_subvault_window], aquarium_bridge_straight
          [aquarium_subvault_bridge, aquarium_subvault_wall,
          aquarium_subvault_bridge, aquarium_subvault_window],
          aquarium_window_corridor_2, aquarium_window_2, aquarium_window_2,
          aquarium_window_fake, aquarium_view_4, aquarium_pool_1,
          serial_park_tiny_pond, minmay_misc_feat_more_columns,
          minmay_goblin_kobold_house
D:3:      layout_loops_ring, mainiacjoe_overflow_cross_hatched, serial_shops,
          shop
D:4:      layout_basic, makhleb_heckhound_becter, gammafunk_ghost_cemetery
D:5:      layout_loops_ring, mainiacjoe_overflow_alcove_1,
          nicolae_overflow_hallway_of_the_gods,
          minmay_temple_entry_glassed_door, st_stairs_11, uniq_pikel

Action                   || total
-------------------------++-------
Melee: Hand axe          ||     9
  Use: Potion            ||     1
 Stab: Sleeping          ||     1
Armor: Leather armour    ||     7
Dodge: Dodged            ||    16

Table legend: (Time is in decaauts)
 A = Elapsed time spent in this place.
 B = Non-inter-level travel time spent in this place.
 C = Inter-level travel time spent in this place.
 D = Time resting spent in this place.
 E = Time spent auto-exploring this place.
 F = Levels seen in this place.
 G = Mean time per level.
                   A        B        C        D        E       F      G
               +--------+--------+--------+--------+--------+-----+--------+
         Total |    277 |    274 |      3 |      0 |    197 |   5 |   55.4 |
       Dungeon |    277 |    274 |      3 |      0 |    197 |   5 |   55.4 |
               +--------+--------+--------+--------+--------+-----+--------+

Top non-repeatable levels by time:
     D:4: 239 daAuts
     D:3: 18 daAuts
     D:2: 10 daAuts
     D:5: 5 daAuts
     D:1: 3 daAuts

Table legend:
 A = Kills in this place as a percentage of kills in entire the game.
 B = Kills by you in this place as a percentage of kills by you in the entire game.
 C = Kills by friends in this place as a percentage of kills by friends in the entire game.
 D = Other kills in this place as a percentage of other kills in the entire game.
 E = Experience gained in this place as a percentage of experience gained in the entire game.
 F = Experience gained in this place divided by the number of levels of this place that you have seen.
                   A       B       C       D       E      F
               +-------+-------+-------+-------+-------+----------------------
         Total | 100.0 | 100.0 |   N/A |   N/A | 100.0 |   0.8
       Dungeon | 100.0 | 100.0 |   N/A |   N/A | 100.0 |   0.8
               +-------+-------+-------+-------+-------+----------------------
